 Dungeon Crawl Stone Soup version 0.29.0-4-gdea44cf6ec (webtiles) character file.

Game seed: 18373738312052819304

926 qw the Cleaver (level 7, 0/61 HPs)
             Began as a Minotaur Fighter on Sept 5, 2022.
             Was an Initiate of Ru.
             Slain by Edmund
             ... wielding a +6 flail of protection
              (12 damage)
             ... on level 5 of the Dungeon.
             The game lasted 00:02:19 (4909 turns).

qw the Cleaver (Minotaur Fighter)                   Turns: 4909, Time: 00:02:20

Health: 0/61       AC: 12    Str: 17    XL:     7   Next: 85%
Magic:  6/6        EV:  9    Int:  5    God:    Ru [......]
Gold:   130        SH:  4    Dex: 10    Spells: 6/6 levels left

rFire   . . .      SeeInvis .   Y - +0 war axe
rCold   + . .      Faith    .   c - +0 buckler
rNeg    . . .      Spirit   .   a - +4 scale mail of Disaster {rPois rC+ Str-5}
rPois   +          Reflect  .   (helmet restricted)
rElec   .          Harm     .   h - +0 cloak
rCorr   .          Rampage  .   (no gloves)
Will    .....                   (no boots)
Stlth   ..........              (no amulet)
HPRegen 0.20/turn               (no ring)
MPRegen 0.10/turn               (no ring)

@: about to teleport
A: horns 2, retaliatory headbutt
a: Renounce Religion


You were on level 5 of the Dungeon.
You worshipped Ru.
Ru was noncommittal.
You visited 2 branches of the dungeon, and saw 6 of its levels.

You collected 130 gold pieces.


Innate Abilities, Weirdness & Mutations

You have a pair of horns on your head.
You reflexively headbutt those who attack you in melee.


   Skills:
 - Level 5.6 Fighting
 - Level 10.1 Axes
 - Level 3.6 Armour
 + Level 1.0 Dodging
 - Level 3.6 Shields


You had 6 spell levels left.
You didn't know any spells.
Your spell library was empty.

Inventory:

Hand Weapons
 l - a +0 morningstar
 Y - a +0 war axe (weapon)
Armour
 a - the +4 scale mail of Disaster (worn) {rPois rC+ Str-5}
   (You acquired it on level 1 of the Dungeon)

   Str:       It affects your strength (-5).
   rC:        It protects you from cold.
   rPois:     It protects you from poison.
 c - a +0 buckler (worn)
 e - a +0 chain mail
 h - a +0 cloak (worn)
Scrolls
 f - a scroll of identify
Potions
 b - a potion of heal wounds {unknown}
 d - 3 potions of might
 i - 2 potions of mutation
 j - a potion of curing
 m - a potion of cancellation

Dungeon Overview and Level Annotations

Branches:
Dungeon (5/15)             Temple (1/1) D:5

Altars:
Hepliaklqana
Ru
Uskayaw
Xom
Yredelemnul

Shops:
D:1 *

Annotations:
D:5 Edmund


Message History

You see here a +0 giant club.
There is a stone staircase leading down here.
There is a stone staircase leading down here.
Edmund the Younger comes into view.
He is wielding a +6 flail of protection and wearing a +0 scale mail of willpower.
Edmund shouts!
You closely miss Edmund. Your headbutt misses Edmund.
Edmund hits you with a +6 flail of protection!
You hit Edmund. You headbutt Edmund.
Edmund is moderately wounded.
Edmund hits you with a +6 flail of protection.
You hit Edmund but do no damage.
Edmund is moderately wounded.
Edmund hits you with a +6 flail of protection!
You hit Edmund. You headbutt Edmund.
Edmund is moderately wounded.
Edmund hits you with a +6 flail of protection.
You hit Edmund.
Edmund is heavily wounded.
Edmund hits you with a +6 flail of protection!
You closely miss Edmund.
Edmund is heavily wounded.
Edmund barely misses you. You furiously retaliate!
You headbutt Edmund! You hit Edmund.
Edmund is severely wounded.
Edmund asks, "Have you met my wondrous brother?"
Edmund hits you but does no damage.
You hit Edmund.
Edmund is severely wounded.
Edmund barely misses you.
You hit Edmund but do no damage.
Edmund is severely wounded.
Edmund hits you with a +6 flail of protection.
You hit Edmund.
Edmund is almost dead.
Edmund hits you with a +6 flail of protection!
4909 ||| READING scroll of teleportation.
As you read the scroll of teleportation, it crumbles to dust.
You feel strangely unstable.
Edmund hits you with a +6 flail of protection!
You die...

¤~¤¤¤¤~#
#.##.####
######## #.##.##
#.....# ####).#
#..# # #
#########..# #
...##..........#
#
.........####>##
# ......@@.#
#.##########
..=...####
#...........
.....#
############
...## ## .. #< #
#.. ..... ####..
##.


You could see Edmund.

Vanquished Creatures
  2 ogres (D:5)
  A phantom (D:4)
  Blork the orc (D:5)
  A howler monkey (D:4)
  2 centaur zombies (D:4)
  3 hounds
  A jelly (D:4)
  An orc priest (D:5)
  A centaur skeleton (D:4)
  An orc wizard (D:5)
  3 scorpion zombies (D:4)
  3 hound zombies (D:4)
  7 adders
  2 ufetubi (D:4)
  An adder zombie (D:4)
  5 worms
  14 orcs
  5 endoplasms
  4 giant cockroaches
  7 goblins
  8 hobgoblins
  4 jackals (D:3)
  11 kobolds
  3 quokkas
  9 ball pythons
  4 bats
  2 frilled lizards
  A quokka zombie (D:4)
  5 rats
112 creatures vanquished.

Notes
Turn   | Place    | Note
-------+----------+-------------------------------------------
     0 | D:1      | qw the Minotaur Fighter began the quest for the Orb.
     0 | D:1      | Reached XP level 1. HP: 19/19 MP: 0/0
     0 | D:1      | 0 ||| qw: Version: 0.1-a-104-g96f76f8
     0 | D:1      | 0 ||| qw: Game counter: 6000
     0 | D:1      | 0 ||| qw: Always use a shield: true
     0 | D:1      | 0 ||| qw: God list: Ru
     0 | D:1      | 0 ||| qw: Allow faded altars: false
     0 | D:1      | 0 ||| qw: Do Orc after D:15 true
     0 | D:1      | 0 ||| qw: Do second Lair branch before Depths: true
     0 | D:1      | 0 ||| qw: Lair rune preference: random
     0 | D:1      | 0 ||| qw: Plans: Normal
     0 | D:1      | 0 ||| PLANNING D:1-11
   147 | D:1      | Reached skill level 3 in Axes
   294 | D:1      | Reached XP level 2. HP: 26/26 MP: 1/1
   490 | D:1      | Found Kemm's Assorted Antiques.
   501 | D:1      | 501 ||| SHOPLISTING 2 glowing blue potions (39 gold, have
                  | 9).
   501 | D:1      | 501 ||| SHOPLISTING pair of transparent boots (209 gold,
                  | have 9).
   501 | D:1      | 501 ||| SHOPLISTING runed chain mail (165 gold, have 9).
   501 | D:1      | 501 ||| SHOPLISTING scroll labelled KIOPSE WUOFUE (22 gold,
                  | have 9).
   501 | D:1      | 501 ||| SHOPLISTING scroll labelled YNUMPU ATOX (22 gold,
                  | have 9).
   566 | D:1      | Found a faded altar of an unknown god.
   737 | D:1      | Reached skill level 4 in Axes
   956 | D:1      | 956 ||| UPGRADING to +0 chain mail.
   966 | D:1      | 966 ||| DROPPING +0 scale mail.
   967 | D:1      | 967 ||| READING scroll labelled TIENWA PEJIWEH.
  1068 | D:1      | 1068 ||| READING scroll labelled VOBRAI IQIN.
  1068 | D:1      | Identified a scroll of acquirement
  1068 | D:1      | 1068 ||| ACQUIRING +4 scale mail of Disaster {rPois rC+
                  | Str-5}
  1068 | D:1      | Acquired the +4 scale mail of Disaster {rPois rC+ Str-5}
  1070 | D:1      | 1070 ||| UPGRADING to +4 scale mail of Disaster {rPois rC+
                  | Str-5}.
  1080 | D:1      | 1080 ||| READING scroll labelled KIOPSE WUOFUE.
  1081 | D:1      | 1081 ||| READING 2 scrolls labelled WEM RIESUR.
  1082 | D:1      | 1082 ||| DRINKING 3 lumpy puce potions.
  1083 | D:1      | 1083 ||| DROPPING 2 potions of flight.
  1084 | D:1      | 1084 ||| DROPPING scroll of amnesia.
  1252 | D:2      | Reached XP level 3. HP: 17/31 MP: 2/2
  1698 | D:2      | 1698 ||| Stepping ~*~*~tactically~*~*~ (stealth).
  1809 | D:2      | 1809 ||| FLEEEEING.
  1810 | D:2      | 1810 ||| FLEEEEING.
  1811 | D:2      | 1811 ||| FLEEEEING.
  1812 | D:2      | 1812 ||| FLEEEEING.
  1813 | D:2      | 1813 ||| FLEEEEING.
  1814 | D:2      | 1814 ||| FLEEEEING.
  1815 | D:2      | 1815 ||| FLEEEEING.
  1816 | D:2      | 1816 ||| FLEEEEING.
  1821 | D:2      | 1821 ||| FLEEEEING.
  1822 | D:2      | 1822 ||| FLEEEEING.
  1823 | D:2      | 1823 ||| FLEEEEING.
  1824 | D:2      | 1824 ||| FLEEEEING.
  1825 | D:2      | 1825 ||| FLEEEEING.
  1826 | D:2      | 1826 ||| FLEEEEING.
  1827 | D:2      | 1827 ||| FLEEEEING.
  1828 | D:2      | 1828 ||| FLEEEEING.
  1829 | D:2      | 1829 ||| FLEEEEING.
  1830 | D:2      | 1830 ||| FLEEEEING.
  1831 | D:2      | 1831 ||| FLEEEEING.
  1832 | D:2      | 1832 ||| FLEEEEING.
  1837 | D:2      | 1837 ||| FLEEEEING.
  1838 | D:2      | 1838 ||| FLEEEEING.
  1839 | D:2      | 1839 ||| FLEEEEING.
  1840 | D:2      | 1840 ||| FLEEEEING.
  1841 | D:2      | 1841 ||| FLEEEEING.
  1842 | D:2      | 1842 ||| FLEEEEING.
  1853 | D:2      | 1853 ||| FLEEEEING.
  1854 | D:2      | 1854 ||| FLEEEEING.
  1855 | D:2      | 1855 ||| FLEEEEING.
  1856 | D:2      | 1856 ||| FLEEEEING.
  1857 | D:2      | 1857 ||| FLEEEEING.
  1858 | D:2      | 1858 ||| FLEEEEING.
  1859 | D:2      | 1859 ||| FLEEEEING.
  1860 | D:2      | 1860 ||| FLEEEEING.
  1861 | D:2      | 1861 ||| FLEEEEING.
  1869 | D:2      | 1869 ||| FLEEEEING.
  1870 | D:2      | 1870 ||| FLEEEEING.
  1884 | D:2      | 1884 ||| FLEEEEING.
  1886 | D:2      | 1886 ||| FLEEEEING.
  1887 | D:2      | 1887 ||| FLEEEEING.
  1888 | D:2      | 1888 ||| FLEEEEING.
  1889 | D:2      | 1889 ||| FLEEEEING.
  1892 | D:2      | 1892 ||| FLEEEEING.
  1893 | D:2      | 1893 ||| FLEEEEING.
  1894 | D:2      | 1894 ||| FLEEEEING.
  1895 | D:2      | 1895 ||| FLEEEEING.
  1896 | D:2      | 1896 ||| FLEEEEING.
  1897 | D:2      | 1897 ||| FLEEEEING.
  1898 | D:2      | 1898 ||| FLEEEEING.
  1899 | D:2      | 1899 ||| FLEEEEING.
  1900 | D:2      | 1900 ||| FLEEEEING.
  1906 | D:2      | 1906 ||| FLEEEEING.
  1907 | D:2      | 1907 ||| FLEEEEING.
  1908 | D:2      | 1908 ||| FLEEEEING.
  1909 | D:2      | 1909 ||| FLEEEEING.
  1910 | D:2      | 1910 ||| FLEEEEING.
  1911 | D:2      | 1911 ||| FLEEEEING.
  1914 | D:2      | 1914 ||| STAIRDANCE
  2032 | D:1      | 2032 ||| DROPPING orb of wrath.
  2033 | D:1      | 2033 ||| READING scroll labelled QECHYME GIALL.
  2034 | D:1      | 2034 ||| READING 2 scrolls of identify.
  2034 | D:1      | 2034 ||| IDENTIFYING clear potion
  2035 | D:1      | 2035 ||| DROPPING potion of magic.
  2296 | D:2      | Reached skill level 5 in Axes
  2560 | D:2      | Reached skill level 1 in Dodging
  2569 | D:2      | Reached XP level 4. HP: 39/39 MP: 3/3
  2585 | D:2      | 2585 ||| READING scroll labelled ZAIFEORIDU.
  2702 | D:3      | 2702 ||| FLEEEEING.
  2831 | D:3      | 2831 ||| DROPPING +0 flail.
  2832 | D:3      | 2832 ||| DROPPING +0 whip.
  3053 | D:3      | 3053 ||| FLEEEEING.
  3054 | D:3      | 3054 ||| FLEEEEING.
  3230 | D:3      | Found a shimmering altar of Xom.
  3288 | D:3      | Reached skill level 6 in Axes
  3405 | D:3      | 3405 ||| Stepping ~*~*~tactically~*~*~ (stealth).
  3417 | D:3      | Reached XP level 5. HP: 44/45 MP: 4/4
  3516 | D:3      | 3516 ||| READING scroll labelled YSUSEI EVUAW.
  3517 | D:3      | 3517 ||| DRINKING 2 ruby potions.
  3518 | D:3      | 3518 ||| READING 4 scrolls of identify.
  3518 | D:3      | 3518 ||| IDENTIFYING sedimented golden potion
  3519 | D:3      | 3519 ||| READING 3 scrolls of identify.
  3519 | D:3      | 3519 ||| IDENTIFYING fuming ruby potion
  3520 | D:3      | 3520 ||| READING 2 scrolls of identify.
  3520 | D:3      | 3520 ||| IDENTIFYING purple potion
  3521 | D:3      | 3521 ||| DROPPING potion of attraction.
  3537 | D:4      | Noticed a phantom
  3538 | D:4      | 3538 ||| STAIRDANCE
  3545 | D:4      | Killed a phantom
  3546 | D:4      | Reached skill level 7 in Axes
  3678 | D:4      | Reached XP level 6. HP: 50/52 MP: 5/5
  3772 | D:4      | 3772 ||| Stepping ~*~*~tactically~*~*~ (stealth).
  3824 | D:4      | Reached skill level 8 in Axes
  3872 | D:4      | 3872 ||| FLEEEEING.
  3873 | D:4      | 3873 ||| FLEEEEING.
  3874 | D:4      | 3874 ||| FLEEEEING.
  3875 | D:4      | 3875 ||| FLEEEEING.
  3876 | D:4      | 3876 ||| FLEEEEING.
  3877 | D:4      | 3877 ||| FLEEEEING.
  3878 | D:4      | 3878 ||| FLEEEEING.
  3879 | D:4      | 3879 ||| FLEEEEING.
  3880 | D:4      | 3880 ||| FLEEEEING.
  3881 | D:4      | 3881 ||| FLEEEEING.
  4020 | D:4      | Reached XP level 7. HP: 58/59 MP: 6/6
  4047 | D:4      | Reached skill level 9 in Axes
  4153 | D:4      | 4153 ||| UPGRADING to +0 cloak.
  4168 | D:5      | Entered Level 5 of the Dungeon
  4178 | D:5      | Noticed Blork the orc
  4188 | D:5      | Killed Blork the orc
  4532 | D:5      | 4532 ||| Stepping ~*~*~tactically~*~*~ (stealth).
  4533 | D:5      | 4533 ||| Stepping ~*~*~tactically~*~*~ (stealth).
  4542 | D:5      | 4542 ||| Stepping ~*~*~tactically~*~*~ (hiding).
  4545 | D:5      | 4545 ||| Stepping ~*~*~tactically~*~*~ (hiding).
  4642 | D:5      | 4642 ||| DROPPING +3 flail.
  4745 | D:5      | Found a staircase to the Ecumenical Temple.
  4746 | D:5      | 4746 ||| PLANNING TEMPLE
  4751 | D:5      | Reached skill level 10 in Axes
  4758 | Temple   | Entered the Ecumenical Temple
  4801 | Temple   | Became a worshipper of Ru the Awakened
  4804 | Temple   | 4804 ||| PLANNING D:1-11
  4893 | D:5      | Noticed Edmund
  4908 | D:5      | HP: 12/61 [Edmund/+6 flail of protection (9)]
  4909 | D:5      | 4909 ||| READING scroll of teleportation.
  4909 | D:5      | Slain by Edmund

Levels and vault maps discovered:
D:1:      dpeg_arrival_simpleton_c, layout_basic, serial_shops, shop,
          dreamdust_ecumenical_altar_statues, moated_statue
D:2:      layout_basic
D:3:      layout_loops_ring, lemuel_crystal_altar
D:4:      layout_cave_pools, serial_undead, serial_undead_e, serial_undead_e,
          serial_undead_d, serial_undead_c, serial_undead_d, serial_undead_d,
          serial_undead_c, serial_undead_e
D:5:      layout_loops_ring, nicolae_ashenzari_panopticon,
          mainiacjoe_overflow_catwalk, minmay_temple_entry_poolview,
          serial_shops, nicolae_shop_crystal, uniq_edmund, uniq_blork_the_orc,
          uniq_sigmund
Temple:   hellmonk_temple_beads

Skill      XL: |  1  2  3  4  5  6  7 |
---------------+----------------------+-----
Axes           | 3 4 5 6 7 8 10 | 10.1
Dodging        | 1 |  1.0
Fighting       | 4 5 |  5.6
Armour         | |  3.6
Shields        | |  3.6

Action                   |  1- 3 |  4- 6 |  7- 9 || total
-------------------------+-------+-------+-------++-------
Melee: War axe           |   104 |   161 |    57 ||   322
       Headbutt          |    13 |    27 |     9 ||    49
  Use: Scroll            |     6 |     5 |     1 ||    12
       Potion            |     1 |     1 |       ||     2
Armor: Scale mail        |    33 |    80 |    13 ||   126
Dodge: Dodged            |    44 |    62 |    10 ||   116
Block: Buckler           |    26 |    28 |     7 ||    61

Table legend:
 A = Non-vault XP
 B = Vault XP
 C = Vault XP percentage of total XP
 D = Non-vault monster count
 E = Vault monster count
 F = Vault count percentage of total count
                 A         B        C        D         E       F
            +---------+---------+-------+---------+---------+-------
      Total |     816 |     508 |  38.4 |      99 |      13 |  11.6
            +---------+---------+-------+---------+---------+-------
        D:1 |      32 |       0 |   0.0 |      20 |       0 |   0.0
        D:2 |      66 |       0 |   0.0 |      22 |       0 |   0.0
        D:3 |      98 |       0 |   0.0 |      32 |       0 |   0.0
        D:4 |     209 |     409 |  66.2 |      17 |      12 |  41.4
        D:5 |     411 |      99 |  19.4 |       8 |       1 |  11.1
            +---------+---------+-------+---------+---------+-------
